 Dungeon Crawl Stone Soup version 0.25-a0-35-g747a2b3c0c (webtiles) character file.

Game seed: 1662449569027303365, levelgen mode: deterministic

30 Alarkh the Skirmisher (level 3, 29/29 HPs)
             Began as a Demonspawn Fighter on Oct 18, 2019.
             Got out of the dungeon alive.
             The game lasted 00:00:21 (482 turns).

Alarkh the Skirmisher (Demonspawn Fighter)           Turns: 482, Time: 00:00:22

Health: 29/29      AC:  6    Str: 16    XL:     3   Next: 3%
Magic:  3/3        EV:  8    Int: 10    God:
Gold:   15         SH:  8    Dex: 12    Spells: 2/2 levels left

rFire    . . .     SeeInvis .   a - +0 long sword
rCold    . . .     Gourm    .   c - +0 shield
rNeg     . . .     Faith    .   b - +0 scale mail
rPois    .         Spirit   .   (helmet restricted)
rElec    .         Reflect  .   (no cloak)
rCorr    .         Harm     .   (no gloves)
MR       .....                  (no boots)
Stlth    ..........             (no amulet)
HPRegen  0.09/turn              (no ring)
MPRegen  0.08/turn              (no ring)

@: no status effects
A: antennae 1, repulsion field 1
a: no special abilities


You escaped.
You were not hungry.

You visited 1 branch of the dungeon, and saw 1 of its levels.

You collected 15 gold pieces.

Inventory:

Hand Weapons
 a - a +0 long sword (weapon)
Armour
 b - a +0 scale mail (worn)
 c - a +0 shield (worn)
Scrolls
 h - a scroll of random uselessness {unknown}
 j - 4 scrolls of identify {unknown}
 k - a scroll of amnesia {unknown}
Potions
 d - a potion of might
 e - 2 potions of heal wounds {unknown}
 i - 2 potions of curing {unknown}
Comestibles
 f - a ration
 g - a chunk of flesh


   Skills:
 + Level 3.2 Fighting
 + Level 2.4 Long Blades
 + Level 3.1 Armour
 + Level 2.8 Shields


You had 2 spell levels left.
You didn't know any spells.
Your spell library was empty.

Dungeon Overview and Level Annotations

Branches:
Dungeon (1/15)

Altars:


Innate Abilities, Weirdness & Mutations

You have a pair of small antennae on your head.
You are surrounded by a mild repulsion field. (EV +2)


Message History

The leopard gecko is heavily wounded.
You block the leopard gecko's attack.
A leopard gecko is nearby!
You miss the leopard gecko.
The leopard gecko is heavily wounded.
The leopard gecko bites you but does no damage.
The leopard gecko barely misses you.
A leopard gecko is nearby!
You hit the leopard gecko but do no damage.
The leopard gecko is heavily wounded.
The leopard gecko barely misses you.
You riposte.
You hit the leopard gecko.
You kill the leopard gecko!
You have reached level 3!
Your experience leads to an increase in your attributes!
Increase (S)trength, (I)ntelligence, or (D)exterity?
You feel clever.
Your demonic ancestry asserts itself...
A pair of antennae grows on your head!
There is a staircase leading out of the dungeon here.
Are you sure you want to leave the Dungeon?
This will make you lose the game!
You have escaped!

#.##...>..##.# #.#
#.##.#######.# #.# ...#.#
#.# #.# .#...# #.# #.#
...#.# #.######## #.# #.##.#
##.#.#.#.# #.#
#.##.#######.#.#.#.### #.#
............#.#.#.#..#####(#
.###.#######.#.#@#.#.......#
......#######.#.#.#.########
####.........#.#.#.## ##
#.######.#.#.#.#.# .###.#
#..#.#.#.## .....#
########..# .....# #..#
.###.# #..# .# #.# #..#


There were no monsters in sight!

Vanquished Creatures
  3 leopard geckos (D:1)
  2 giant cockroaches (D:1)
  6 goblins (D:1)
  5 hobgoblins (D:1)
  3 kobolds (D:1)
  A bat (D:1)
  2 frilled lizards (D:1)
  A rat (D:1)
23 creatures vanquished.

Notes
Turn   | Place    | Note
-------+----------+-------------------------------------------
     0 | D:1      | Alarkh the Demonspawn Fighter began the quest for the Orb.
     0 | D:1      | Reached XP level 1. HP: 18/18 MP: 1/1
    50 | D:1      | Gained mutation: You are surrounded by a mild repulsion
                  | field. (EV +2) [demonic ancestry]
    50 | D:1      | Reached XP level 2. HP: 24/24 MP: 2/2
   443 | D:1      | Gained mutation: You have a pair of small antennae on your
                  | head. [demonic ancestry]
   443 | D:1      | Reached XP level 3. HP: 26/29 MP: 3/3
   482 | D:$      | Got out of the dungeon alive.

Levels and vault maps discovered:
D:1:      lightli_arrival_chessboard, layout_loops_ring, minmay_misc_feat_tower

Skill      XL: |  1  2 |
---------------+-------+-----
Long Blades    | 2 |  2.4
Armour         | 3 |  3.1
Fighting       | |  3.2
Shields        | |  2.8

Action                   || total
-------------------------++-------
Melee: Long sword        ||    82
Armor: Scale mail        ||    36
Dodge: Dodged            ||    34
Block: Shield            ||    49
       Rpst.: Long sword ||    11

Table legend:
 A = Non-vault XP
 B = Vault XP
 C = Vault XP percentage of total XP
 D = Non-vault monster count
 E = Vault monster count
 F = Vault count percentage of total count
                 A         B        C        D         E       F
            +---------+---------+-------+---------+---------+-------
      Total |      43 |       0 |   0.0 |      23 |       0 |   0.0
            +---------+---------+-------+---------+---------+-------
        D:1 |      43 |       0 |   0.0 |      23 |       0 |   0.0
            +---------+---------+-------+---------+---------+-------
